 Dungeon Sprint DCSS version 0.21-a0-91-ga5031da (webtiles) character file.

191 Kidiri the Covert (level 5, -1/26 (27) HPs)
             Began as a Spriggan Enchanter on June 30, 2017.
             Slain by a necrophage (5 damage)
             ... in the Dungeon (Sprint II: "The Violet Keep of Menkaure").
             The game lasted 00:02:40 (606 turns).

Kidiri the Covert (Spriggan Enchanter)               Turns: 606, Time: 00:02:41

HP:   -1/26 (27)    AC:  2    Str:  4    XL:     5   Next: 42%
MP:   13/14         EV: 23    Int: 17    God:
Gold: 729           SH:  0    Dex: 17    Spells: 13/16 levels left

rFire    . . .     SeeInvis +   a - +1 dagger
rCold    . . .     Gourm    .   (shield restricted)
rNeg     . . .     Faith    .   b - +0 robe
rPois    .         Spirit   .   (helmet restricted)
rElec    .         Reflect  .   (no cloak)
rCorr    .         Harm     .   (gloves unavailable)
MR       .....     NoTele   +   (boots unavailable)
Stlth    ++++......             (no amulet)
HPRegen  0.00/turn              (no ring)
MPRegen  0.14/turn              (no ring)

@: non-regenerating, diseased, very quick
A: unfitting armour, see invisible, herbivore 3, speed 3, slow metabolism 2
a: no special abilities


You were in the Dungeon.
You were not hungry.

You visited 1 branch You collected 729 gold pieces.

Inventory:

Hand Weapons
 a - a +1 dagger (weapon)
Armour
 b - a +0 robe (worn)
Scrolls
 j - a scroll of blinking
Potions
 f - a potion of heal wounds
 g - a potion of haste
 h - 2 potions of magic
Books
 c - a book of Maledictions

   Spells                             Type                      Level
   a - Corona                         Hexes                        1
   b - Ensorcelled Hibernation        Hexes/Ice                    2
   c - Confuse                        Hexes                        3
   d - Tukima's Dance                 Hexes                        3
   e - Dazzling Spray                 Conjuration/Hexes            3
Comestibles
 d - a bread ration


   Skills:
 + Level 2.4 Fighting
 * Level 5.2 Short Blades
 + Level 2.3 Armour
 * Level 7.2 Dodging
 * Level 8.7 Stealth
 * Level 6.4 Spellcasting
 + Level 5.3 Hexes


You had 13 spell levels left.
You knew the following spells:

 Your Spells              Type           Power        Failure   Level  Hunger
a - Corona                Hex            ###....      1%          1    None
b - Ensorcelled Hibernat  Hex/Ice        ##....       6%          2    None


Dungeon Overview and Level Annotations

Branches:
Dungeon (1/1)

Altars:


Innate Abilities, Weirdness & Mutations

You are very small and have problems with some larger weapons.
You are too small for most types of armour.
You have supernaturally acute eyesight. (SInv)
You are a herbivore.
You cover ground extremely quickly.
You need consume almost no food.


Message History

The necrophage hits you.
You closely miss the necrophage.
The necrophage is severely damaged.
You closely miss the necrophage.
The necrophage is severely damaged.
The necrophage hits you.
* * * LOW HITPOINT WARNING * * *
You feel ill.
You feel your flesh rotting away!
You hit the necrophage.
The necrophage is almost destroyed.
The necrophage closely misses you.
You hit the necrophage.
The necrophage is almost destroyed.
The necrophage completely misses you.
You hit the necrophage but do no damage.
The necrophage is almost destroyed.
You hit the necrophage.
The necrophage is almost destroyed.
The necrophage hits you.
You die...

#+## ###..##
#.##..#
####.#%####
##%###+###.##
#..###.##...#
+##.+.<@nn##+
#..###.##n..#
##.###'###†##
####.#.####
#.###.# ≈ #
##.#.## ≈≈≈
#≈≈##+##≈§≈≈§
#≈≈≈≈††≈§§§§
#+++#+++#§§§


You could see 3 necrophages.

Vanquished Creatures
  A necrophage (D)
  4 worker ants (D)
  3 worms (D)
8 creatures vanquished.

Vanquished Creatures (others)
  2 hippogriffs (D)
  Menkaure (D)
  A crocodile (D)
4 creatures vanquished.

Grand Total: 12 creatures vanquished

Notes
Turn   | Place    | Note
-------+----------+-------------------------------------------
     0 | D        | Kidiri the Spriggan Enchanter began the quest for the Orb.
     0 | D        | Reached XP level 1. HP: 9/9 MP: 5/5
     7 | D        | Reached skill level 5 in Stealth
    11 | D        | Killed a crocodile
   142 | D        | Killed Menkaure
   355 | D        | Reached XP level 2. HP: 10/14 MP: 3/7
   363 | D        | Learned a level 2 spell: Ensorcelled Hibernation
   464 | D        | Killed a hippogriff
   506 | D        | Killed a hippogriff
   519 | D        | Reached skill level 1 in Fighting
   519 | D        | Reached skill level 1 in Armour
   519 | D        | Reached skill level 6 in Stealth
   519 | D        | Reached XP level 3. HP: 18/18 MP: 7/9
   521 | D        | Reached skill level 5 in Dodging
   523 | D        | Reached skill level 7 in Stealth
   523 | D        | Reached skill level 5 in Spellcasting
   523 | D        | Reached XP level 4. HP: 23/23 MP: 8/12
   559 | D        | Noticed an obsidian statue
   574 | D        | Noticed a necrophage
   574 | D        | Noticed a necrophage
   574 | D        | Noticed a necrophage
   574 | D        | Noticed a necrophage
   577 | D        | Killed a necrophage
   577 | D        | Reached skill level 5 in Short Blades
   577 | D        | Reached skill level 8 in Stealth
   577 | D        | Reached skill level 5 in Hexes
   577 | D        | Reached XP level 5. HP: 27/27 MP: 12/14
   606 | D        | Slain by a necrophage

Vault maps used:
D:        the_violet_keep_of_menkaure

Skill      XL: |  1  2  3  4 |
---------------+-------------+-----
Spellcasting   | 3 4 5 6 |  6.4
Short Blades   | 2 3 5 |  5.2
Stealth        | 5 6 7 8 |  8.7
Fighting       | 1 2 |  2.4
Armour         | 1 2 |  2.3
Dodging        | 4 5 7 |  7.2
Hexes          | 4 5 |  5.3

Action                   |  1- 3 |  4- 6 || total
-------------------------+-------+-------++-------
Melee: Dagger            |    14 |    26 ||    40
 Cast: Corona            |     4 |     2 ||     6
  Use: Potion            |     2 |       ||     2
 Stab: Sleeping          |     5 |     2 ||     7
Dodge: Dodged            |     4 |    17 ||    21
